[Event "ICC tourney 2545 (5 3)"]
[Site "Internet Chess Club"]
[Date "2021.04.11"]
[Round "9"]
[White "Giallorossi"]
[Black "ShapeShifter"]
[Result "0-1"]
[ICCResult "White resigns"]
[WhiteElo "1370"]
[BlackElo "1569"]
[Opening "Benkö gambit"]
[ECO "A57"]
[NIC "BI.46"]
[Time "17:32:22"]
[TimeControl "300+3"]

1. d4 Nf6 2. c4 c5 3. d5 b5 4. Qc2 b4 5. e4 d6 6. Bd3 e5 7. dxe6 Bxe6 8. Nf3
Nc6 9. Be3 Be7 10. O-O O-O 11. Nbd2 Nd7 12. Bf4 Nde5 13. b3 Bf6 14. Rad1 Qc7
15. Rfe1 Bg4 16. h3 Bxf3 17. Nxf3 Nxf3+ 18. gxf3 Nd4 19. Qb1 Nxf3+ 20. Kg2
Nxe1+ 21. Rxe1 Be5 22. Qc1 Qe7 23. Be2 Qf6 24. Bg5 Qg6 25. Bg4 f6 26. Be6+
Kh8 27. Bf5 Qxg5+ 28. Qxg5 fxg5 {White resigns} 0-1

[Event "ICC tourney 2545 (5 3)"]
[Site "Internet Chess Club"]
[Date "2021.04.11"]
[Round "9"]
[White "romasru"]
[Black "skschess"]
[Result "1-0"]
[ICCResult "Black resigns"]
[WhiteElo "1315"]
[BlackElo "1296"]
[Opening "Réti opening"]
[ECO "A04"]
[NIC "QP.11"]
[Time "17:30:11"]
[TimeControl "300+3"]

1. Nf3 Nc6 2. g3 e5 3. d3 Nf6 4. Nbd2 d6 5. e4 g6 6. Bg2 Bg7 7. O-O O-O 8.
a4 Nd4 9. Nc4 Nxf3+ 10. Bxf3 a6 11. Re1 b6 12. Bg5 h6 13. Bd2 Bb7 14. Qc1 g5
15. a5 b5 16. Ne3 Nh7 17. c4 bxc4 18. Qxc4 Qd7 19. b4 Kh8 20. Rac1 Rac8 21.
Bg4 Qd8 22. Bxc8 Qxc8 23. Qxc7 Qxc7 24. Rxc7 Ba8 25. Ra7 Nf6 26. Rxa6 d5 27.
exd5 Nxd5 28. Nxd5 Bxd5 29. Rd6 Bb7 30. b5 f5 31. a6 Bf3 32. b6 Rb8 33. a7
Rf8 34. Rd7 Rf6 35. b7 Rb6 36. b8=Q+ Rxb8 37. axb8=Q+ {Black resigns} 1-0

[Event "ICC tourney 2545 (5 3)"]
[Site "Internet Chess Club"]
[Date "2021.04.11"]
[Round "9"]
[White "Hewett555"]
[Black "oxdidi"]
[Result "0-1"]
[ICCResult "White resigns"]
[WhiteElo "1138"]
[BlackElo "1118"]
[Opening "Ruy Lopez: exchange variation, 5.O-O"]
[ECO "C68"]
[NIC "RL.08"]
[Time "17:30:03"]
[TimeControl "300+3"]

1. e4 e5 2. Nf3 Nc6 3. Bb5 a6 4. Bxc6 dxc6 5. O-O Nf6 6. Nxe5 Qd4 7. Nf3 Qd8
8. Re1 Bg4 9. e5 Nd5 10. c4 Nb6 11. c5 Bxc5 12. d4 Bxf3 13. Qxf3 Bxd4 14. e6
f6 15. Qh5+ g6 16. Qe2 Qe7 17. Nc3 Bxc3 18. bxc3 Nd5 19. Bh6 Nxc3 20. Qd3
Nd5 21. Rad1 g5 22. Qf5 Rg8 23. Rb1 Rb8 24. Rb3 Rg6 25. Rh3 Nf4 26. Bxg5
Nxh3+ 27. Qxh3 Rxg5 28. f4 Qc5+ 29. Kh1 Rg7 30. Qh5+ Qxh5 {White resigns}
0-1

[Event "ICC tourney 2545 (5 3)"]
[Site "Internet Chess Club"]
[Date "2021.04.11"]
[Round "9"]
[White "Iulia85"]
[Black "KingSack"]
[Result "0-1"]
[ICCResult "White checkmated"]
[WhiteElo "1621"]
[BlackElo "1537"]
[Opening "Scandinavian defense"]
[ECO "B01"]
[NIC "SD.03"]
[Time "17:30:22"]
[TimeControl "300+3"]

1. e4 d5 2. exd5 Nf6 3. Nc3 Nxd5 4. d4 Bf5 5. Nf3 c6 6. Bd3 Bg4 7. h3 Bh5 8.
Be2 e6 9. O-O Be7 10. Nxd5 exd5 11. c3 Nd7 12. Bf4 Nf6 13. Re1 O-O 14. Qc2
Ne4 15. Ne5 Bxe2 16. Qxe2 f6 17. Ng4 Re8 18. Qd3 Bd6 19. Bxd6 Qxd6 20. Ne3
Qf4 21. Re2 f5 22. Rae1 Rf8 23. f3 Ng3 24. Rf2 Rae8 25. Rd2 Re6 26. Rdd1
Rfe8 27. Nc2 Ne2+ 28. Kh1 Qg3 29. Qd2 Qf2 30. b3 Ng3+ 31. Kh2 Qxd2 32. Rxd2
Rxe1 33. Nxe1 Nf1+ 34. Kg1 Nxd2 35. Nd3 Nb1 36. Ne5 Nxc3 37. Kf2 Nxa2 38.
Ke3 g5 39. g4 f4+ 40. Kd3 Nb4+ 41. Kc3 a5 42. Nd7 Re3+ 43. Kb2 Rxf3 44. Nf6+
Kg7 45. Ne8+ Kf7 46. Nd6+ Ke6 47. Nf5 Rxh3 48. Ng7+ Kf6 49. Nf5 f3 50. Ne3
f2 51. Nf1 Rh1 52. Ng3 f1=Q 53. Nxf1 Rxf1 54. Kc3 Rf4 55. Kb2 Rxd4 56. Ka3
Rxg4 57. Ka4 b6 58. Ka3 Rg2 59. Ka4 Ra2# {White checkmated} 0-1

[Event "ICC tourney 2545 (5 3)"]
[Site "Internet Chess Club"]
[Date "2021.04.11"]
[Round "9"]
[White "fertigto"]
[Black "ionplayr"]
[Result "0-1"]
[ICCResult "White forfeits on time"]
[WhiteElo "1179"]
[BlackElo "1160"]
[Opening "Philidor: exchange variation"]
[ECO "C41"]
[NIC "KP.08"]
[Time "17:30:30"]
[TimeControl "300+3"]

1. e4 e5 2. Nf3 d6 3. d4 exd4 4. Nxd4 Nf6 5. Nc3 Be7 6. Bc4 O-O 7. Bg5 Nc6
8. Nf3 h6 9. Bh4 Nh7 10. Bg3 Bg4 11. h3 Bxf3 12. Qxf3 Nd4 13. Qd3 Bf6 14.
O-O-O Bg5+ 15. f4 Bf6 16. e5 dxe5 17. fxe5 Bg5+ 18. Kb1 Nc6 19. Rhf1 Qxd3
20. Rxd3 Nb4 21. Rd7 Rac8 22. a3 Nc6 23. Bxf7+ Kh8 24. e6 Be7 25. Bxc7 Ra8
26. Nd5 Nf6 27. Nxe7 Nxd7 28. Ng6+ Kh7 {White forfeits on time} 0-1

[Event "ICC tourney 2545 (5 3)"]
[Site "Internet Chess Club"]
[Date "2021.04.11"]
[Round "9"]
[White "Grayson0405"]
[Black "Macroeconomist"]
[Result "0-1"]
[ICCResult "White checkmated"]
[WhiteElo "1493"]
[BlackElo "1511"]
[Opening "Benoni: classical, 8.Bg5"]
[ECO "A71"]
[NIC "BI.19"]
[Time "17:30:48"]
[TimeControl "300+3"]

1. d4 e6 2. c4 c5 3. d5 exd5 4. cxd5 d6 5. e4 Nf6 6. Nc3 g6 7. Nf3 Bg7 8.
Bg5 O-O 9. Bd3 Bg4 10. O-O Nbd7 11. h3 Bxf3 12. Qxf3 Ne5 13. Qd1 h6 14. Bh4
a6 15. f4 Nxd3 16. Qxd3 Qc7 17. Rae1 c4 18. Qg3 b5 19. e5 Nh7 20. Qe3 Rae8
21. e6 fxe6 22. dxe6 Nf6 23. Bxf6 Bxf6 24. Nd5 Qg7 25. e7 Rf7 26. Nxf6+ Qxf6
27. Qe6 Kg7 28. Qxf6+ Rxf6 29. g4 Kf7 30. Re3 Rxe7 31. Rxe7+ Kxe7 32. Kf2
Rxf4+ 33. Ke2 Rxf1 34. Kxf1 Ke6 35. Ke2 Ke5 36. Ke3 d5 37. Kd2 d4 38. b3 Ke4
39. bxc4 bxc4 40. a4 a5 41. Kc2 Ke3 42. Kd1 d3 43. Ke1 c3 44. Kd1 g5 45. h4
gxh4 46. g5 hxg5 47. Ke1 c2 48. Kf1 c1=Q+ 49. Kg2 Kf4 50. Kh2 g4 51. Kg2
Qd2+ 52. Kh1 g3 53. Kg1 Qf2+ 54. Kh1 Qh2# {White checkmated} 0-1

[Event "ICC tourney 2545 (5 3)"]
[Site "Internet Chess Club"]
[Date "2021.04.11"]
[Round "9"]
[White "blackjack721"]
[Black "ethansun188"]
[Result "1/2-1/2"]
[ICCResult "Game drawn by repetition"]
[WhiteElo "1249"]
[BlackElo "1269"]
[Opening "Saragossa opening"]
[ECO "A00"]
[NIC "VO.12"]
[Time "17:30:34"]
[TimeControl "300+3"]

1. c3 b6 2. d4 Bb7 3. Bf4 Nc6 4. Nf3 Nf6 5. d5 Na5 6. c4 Nxc4 7. Qd4 Nd6 8.
Nc3 e6 9. Ng5 exd5 10. O-O-O c5 11. Qe3+ Be7 12. Bxd6 d4 13. Qe5 dxc3 14.
bxc3 h6 15. Nxf7 Kxf7 16. f3 Bxd6 17. Rxd6 Re8 18. Qf5 Qc7 19. Rxf6+ gxf6
20. e4 Rg8 21. Bc4+ d5 22. exd5 Qd6 23. Re1 Rae8 24. Qh5+ Kg7 25. Rxe8 Qf4+
26. Kb1 Rxe8 27. Qxe8 Qd6 28. Bd3 Bxd5 29. c4 Bf7 30. Qe4 Kf8 31. Qa8+ Kg7
32. Be4 Qd1+ 33. Kb2 Qd2+ 34. Bc2 Qb4+ 35. Kc1 Qe1+ 36. Kb2 Qb4+ 37. Kc1
Qe1+ 38. Kb2 Qb4+ {Game drawn by repetition} 1/2-1/2

[Event "ICC tourney 2545 (5 3)"]
[Site "Internet Chess Club"]
[Date "2021.04.11"]
[Round "9"]
[White "MohanadWael"]
[Black "mill0"]
[Result "1-0"]
[ICCResult "Black resigns"]
[WhiteElo "1134"]
[BlackElo "1026"]
[Opening "Queen's pawn game, Chigorin variation"]
[ECO "D02"]
[NIC "QP.09"]
[Time "17:30:53"]
[TimeControl "300+3"]

1. Nf3 d5 2. d4 Nc6 3. Bf4 f6 4. Bg3 Bg4 5. Nc3 Qd7 6. e4 e6 7. Bb5 O-O-O 8.
h3 Bh5 9. exd5 exd5 10. O-O Bb4 11. Na4 Nge7 12. c3 Rhe8 13. cxb4
{Black resigns}
1-0

[Event "ICC tourney 2545 (5 3)"]
[Site "Internet Chess Club"]
[Date "2021.04.11"]
[Round "9"]
[White "Visam"]
[Black "profudesah"]
[Result "0-1"]
[ICCResult "White resigns"]
[WhiteElo "2544"]
[BlackElo "1912"]
[Opening "Réti opening"]
[ECO "A05"]
[NIC "QP.11"]
[Time "17:30:49"]
[TimeControl "300+3"]

1. Nf3 Nf6 2. g3 d5 3. Bg2 c6 4. c4 dxc4 5. O-O Nbd7 6. Na3 Nb6 7. Ne5 Be6
8. Qc2 Qd4 9. Nxc6 bxc6 10. Bxc6+ Bd7 11. Bxa8 Nxa8 12. Qxc4 Qe5 13. d4 Qa5
14. Qc3 Qa6 15. Nc4 e6 16. Ne5 Nb6 17. Nxd7 Nbxd7 18. Bg5 Nd5 19. Qf3 h6 20.
e4 N5b6 21. Bf4 g5 22. Bc7 Bg7 23. d5 O-O 24. Bd6 Re8 25. Rfe1 Nc4 26. Bb4
Nxb2 27. Rab1 Nd3 28. dxe6 Rxe6 29. Red1 N7e5 30. Qe2 Nxb4 31. Rd8+ Kh7 32.
Qxa6 Nxa6 33. f4 gxf4 34. gxf4 Rg6+ 35. Kf2 Ng4+ 36. Ke2 Nc5 37. e5 Ne6 38.
Rd7 Nxf4+ 39. Kd2 Nxe5 40. Rxa7 Nc4+ 41. Kc2 Rg2+ {White resigns} 0-1

[Event "ICC tourney 2545 (5 3)"]
[Site "Internet Chess Club"]
[Date "2021.04.11"]
[Round "9"]
[White "Eagle64"]
[Black "CKGhosh"]
[Result "1-0"]
[ICCResult "Black resigns"]
[WhiteElo "2570"]
[BlackElo "1903"]
[Opening "Queen's bishop game"]
[ECO "D02"]
[NIC "QP.08"]
[Time "17:30:49"]
[TimeControl "300+3"]

1. d4 d5 2. Nf3 Nf6 3. Bf4 e6 4. e3 Bd6 5. Bg3 c5 6. Nbd2 Nc6 7. c3 Qc7 8.
dxc5 Bxg3 9. hxg3 a5 10. a4 h6 11. Nd4 O-O 12. Be2 e5 13. Nb5 Qe7 14. Nb3
Bf5 15. O-O Rfd8 16. Bd3 Bg4 17. Be2 Bxe2 18. Qxe2 Ne4 19. Rfd1 Nxc5 20.
Nxc5 Qxc5 21. Rd2 Rd7 22. Rad1 Rad8 23. Qg4 g6 24. Rd3 Kg7 25. R3d2 f5 26.
Qh4 g5 27. Qh5 d4 28. exd4 exd4 29. Re2 dxc3 30. Rxd7+ Rxd7 31. Re6 Ne7 32.
Qxh6+ Kf7 33. Rf6+ {Black resigns} 1-0

[Event "ICC tourney 2545 (5 3)"]
[Site "Internet Chess Club"]
[Date "2021.04.11"]
[Round "9"]
[White "Steepblue"]
[Black "DWGriff"]
[Result "0-1"]
[ICCResult "White resigns"]
[WhiteElo "1388"]
[BlackElo "1664"]
[Opening "Queen's pawn game"]
[ECO "D00"]
[NIC "QP.08"]
[Time "17:30:28"]
[TimeControl "300+3"]

1. d4 d5 2. e3 Bf5 3. Bd3 Bxd3 4. Qxd3 Nf6 5. Nd2 c6 6. c3 g6 7. e4 dxe4 8.
Nxe4 Nxe4 9. Qxe4 Nd7 10. Bg5 Bg7 11. O-O-O Nf6 12. Bxf6 Bxf6 13. f4 Qd5 14.
Re1 Qxa2 15. Kc2 Qa4+ 16. Kb1 Rd8 17. g4 Qb3 18. g5 O-O 19. gxf6 exf6 20.
Qc2 Qd5 21. Ne2 Rfe8 22. Ng3 Rxe1+ 23. Rxe1 Qf3 24. Rf1 Qg4 25. Qe2 Qxe2 26.
Nxe2 Re8 27. Rf2 h5 28. Kc2 g5 29. fxg5 fxg5 30. Kd2 Kg7 31. Ng3 Kg6 32. Kd3
Re1 33. Ne4 f5 34. Nd6 f4 35. Nxb7 Kf5 36. Nd6+ Kg4 37. Ne4 Re3+ 38. Kc4
Rxe4 39. b4 f3 40. Kd3 Kf4 41. c4 g4 42. d5 cxd5 43. cxd5 Rxb4 44. Kc3 Rb6
45. Rd2 h4 46. d6 g3 47. d7 Rb8 48. d8=Q Rxd8 49. Rxd8 gxh2 50. Rd1 Kg3 51.
Kd3 Kg2 {White resigns} 0-1

[Event "ICC tourney 2545 (5 3)"]
[Site "Internet Chess Club"]
[Date "2021.04.11"]
[Round "9"]
[White "infacant"]
[Black "JyothirUaditya"]
[Result "1-0"]
[ICCResult "Black forfeits on time"]
[WhiteElo "1296"]
[BlackElo "1288"]
[Opening "Three knights game"]
[ECO "C46"]
[NIC "KP.06"]
[Time "17:30:32"]
[TimeControl "300+3"]

1. e4 e5 2. Nf3 Nc6 3. Nc3 Bb4 4. d4 exd4 5. Nxd4 Nxd4 6. Qxd4 Bxc3+ 7. Qxc3
Nf6 8. Bg5 O-O 9. Bxf6 Qxf6 10. Qxf6 gxf6 11. Bd3 c6 12. O-O-O d5 13. exd5
cxd5 14. Be2 Re8 15. Bf3 Be6 16. Bxd5 Bxd5 17. Rxd5 Rad8 18. Rhd1 Rxd5 19.
Rxd5 Re1+ 20. Rd1 Re2 21. Rf1 Kg7 22. Kd1 Re5 23. g3 Rd5+ 24. Ke2 Re5+ 25.
Kd3 Rd5+ 26. Kc4 Ra5 27. a3 b5+ 28. Kb4 Ra4+ 29. Kxb5 a6+ 30. Kxa4 f5 31. f4
Kg6 32. h3 f6 33. Re1 h6 34. Kb4 h5 35. h4 a5+ 36. Kc5 Kh6 37. Kd6 Kg6 38.
Ke7 Kh6 39. Kf7 a4 40. Re8 Kh7 41. Kxf6 Kh6 42. Rf8 {Black forfeits on time}
1-0

[Event "ICC tourney 2545 (5 3)"]
[Site "Internet Chess Club"]
[Date "2021.04.11"]
[Round "9"]
[White "run123"]
[Black "Cramagica"]
[Result "1-0"]
[ICCResult "Black checkmated"]
[WhiteElo "1807"]
[BlackElo "1218"]
[Opening "St. George (Baker) defense"]
[ECO "B00"]
[NIC "VO.17"]
[Time "17:30:27"]
[TimeControl "300+3"]

1. e4 a6 2. d4 b5 3. Nc3 Bb7 4. Bd3 e6 5. Nf3 c5 6. dxc5 Bxc5 7. O-O Nf6 8.
Bg5 Be7 9. Qe2 h6 10. Bh4 g5 11. Bg3 d6 12. Rfd1 Nh5 13. e5 Nxg3 14. hxg3 d5
15. Nd4 Bc5 16. Nxe6 fxe6 17. Qh5+ Ke7 18. Bg6 Qf8 19. Rd2 Nd7 20. Re1 Qg7
21. Bd3 Nxe5 22. Bf1 Raf8 23. Qd1 Nc4 24. Rde2 Nxb2 25. Nxd5+ Bxd5 26. Qxd5
Bxf2+ 27. Rxf2 Rxf2 28. Rxe6+ Kf8 29. Qd8+ Kf7 30. Re7+ Kg6 31. Rxg7+ Kxg7
32. Qd4+ Kh7 33. Kxf2 Nc4 34. Bd3+ Kg8 35. Qd8+ Kg7 36. Qe7+ Kg8 37. Bg6 h5
38. Qf7# {Black checkmated} 1-0

[Event "ICC tourney 2545 (5 3)"]
[Site "Internet Chess Club"]
[Date "2021.04.11"]
[Round "9"]
[White "MichaelIC"]
[Black "Morad-Magdy"]
[Result "1-0"]
[ICCResult "Black checkmated"]
[WhiteElo "1652"]
[BlackElo "1897"]
[Opening "Sicilian: Kan, Maróczy bind (Réti variation)"]
[ECO "B41"]
[NIC "SI.41"]
[Time "17:30:49"]
[TimeControl "300+3"]

1. e4 c5 2. Nf3 e6 3. d4 cxd4 4. Nxd4 a6 5. c4 Nf6 6. Bd3 Nc6 7. Nxc6 dxc6
8. O-O e5 9. Nc3 Be7 10. h3 O-O 11. Be3 Be6 12. c5 Nd7 13. Na4 Qa5 14. Qc2
Rad8 15. Bd2 Qc7 16. b4 g6 17. Bh6 Rfe8 18. Bc4 Bf6 19. Be3 Bg7 20. Rad1 Nf8
21. Bg5 f6 22. Be3 Kh8 23. Nb6 Bxc4 24. Nxc4 Ne6 25. Nd6 Rd7 26. Rd3 Red8
27. Rfd1 h5 28. Qd2 Kh7 29. g4 h4 30. Kg2 Rg8 31. Qc2 Bh8 32. Ne8 Nd4 33.
Nxc7 Nxc2 34. Rxd7+ Bg7 35. Ne6 Nxb4 36. Rxb7 Nc2 37. Rdd7 Nxe3+ 38. fxe3 a5
39. Rxg7+ Rxg7 40. Rxg7+ Kh6 41. Rc7 a4 42. Rxc6 a3 43. Rc8 Kh7 44. Ra8 Kh6
45. c6 g5 46. c7 Kg6 47. c8=Q Kf7 48. Qd7+ Kg6 49. Qg7# {Black checkmated}
1-0

[Event "ICC tourney 2545 (5 3)"]
[Site "Internet Chess Club"]
[Date "2021.04.11"]
[Round "9"]
[White "iamkenoh"]
[Black "B9"]
[Result "0-1"]
[ICCResult "White checkmated"]
[WhiteElo "1494"]
[BlackElo "1788"]
[Opening "Sicilian: Smith-Morra gambit"]
[ECO "B21"]
[NIC "SI.48"]
[Time "17:31:17"]
[TimeControl "300+3"]

1. e4 c5 2. d4 cxd4 3. Qxd4 Nc6 4. Qd1 d6 5. Nf3 a6 6. e5 Nxe5 7. Nxe5 dxe5
8. Qxd8+ Kxd8 9. Bd3 Bg4 10. O-O Nf6 11. Nc3 h6 12. f3 Be6 13. Re1 Nd7 14.
Be3 g5 15. Be4 Kc7 16. Nd5+ Bxd5 17. Bxd5 e6 18. Bb3 Bc5 19. Rad1 Bxe3+ 20.
Rxe3 Rad8 21. Rc3+ Kb8 22. Rcd3 Kc7 23. c4 Nc5 24. Rxd8 Rxd8 25. Rxd8 Kxd8
26. Bc2 a5 27. a3 a4 28. Kf2 Kd7 29. Ke3 Kd6 30. Kd2 f5 31. Kc3 e4 32. fxe4
fxe4 33. Kd4 e5+ 34. Ke3 b6 35. Bxe4 Nxe4 36. Kxe4 Kc5 37. Kxe5 Kxc4 38. Kf6
Kb3 39. Kg6 Kxb2 40. Kxh6 Kxa3 41. Kxg5 Kb3 42. h4 a3 43. h5 a2 44. h6 a1=Q
45. h7 Qg7+ 46. Kf5 Qxh7+ 47. Kf4 Qg6 48. g4 b5 49. Kg3 Kc3 50. Kh4 b4 51.
g5 b3 52. Kg4 b2 53. Kf4 b1=Q 54. Ke5 Qxg5+ 55. Kd6 Qb6+ 56. Kd7 Qg7+ 57.
Ke8 Qb8# {White checkmated} 0-1

[Event "ICC tourney 2545 (5 3)"]
[Site "Internet Chess Club"]
[Date "2021.04.11"]
[Round "9"]
[White "KingsizePawn"]
[Black "wiiiiiieee"]
[Result "1-0"]
[ICCResult "Black resigns"]
[WhiteElo "1615"]
[BlackElo "1466"]
[Opening "Caro-Kann: Panov-Botvinnik attack"]
[ECO "B13"]
[NIC "CK.03"]
[Time "17:30:43"]
[TimeControl "300+3"]

1. e4 c6 2. d4 d5 3. exd5 cxd5 4. c4 Nf6 5. Nc3 Nc6 6. Nf3 g6 7. Bg5 Be6 8.
Bxf6 exf6 9. Qb3 dxc4 10. Qxb7 Rc8 11. O-O-O Bd5 12. Nxd5 Bh6+ 13. Kb1 O-O
14. Bxc4 Na5 15. Ne7+ Kg7 16. Qxc8 Qxe7 17. Qa6 Nxc4 18. Qxc4 Qe4+ 19. Qc2
Qd5 20. Qc5 Qe4+ 21. Ka1 Rb8 22. Rhe1 Qb7 23. Re2 a5 24. Rde1 a4 25. a3 Qb3
26. Qc3 Qb5 27. Qc5 Qd3 28. Qc2 Qc4 29. Qxc4 {Black resigns} 1-0

[Event "ICC tourney 2545 (5 3)"]
[Site "Internet Chess Club"]
[Date "2021.04.11"]
[Round "9"]
[White "jayam111"]
[Black "HorseHead"]
[Result "1-0"]
[ICCResult "Black checkmated"]
[WhiteElo "1544"]
[BlackElo "1304"]
[Opening "Philidor's defense"]
[ECO "C41"]
[NIC "KP.10"]
[Time "17:30:52"]
[TimeControl "300+3"]

1. e4 e5 2. Nf3 d6 3. Bc4 h6 4. Nc3 Nf6 5. O-O a6 6. a4 c6 7. d4 exd4 8.
Nxd4 Be6 9. Bxe6 fxe6 10. Nxe6 Qe7 11. Nd4 c5 12. Nf3 Qc7 13. Re1 Be7 14.
Nd5 Nxd5 15. exd5 O-O 16. Qe2 Re8 17. Be3 Nd7 18. c4 Nf6 19. Qc2 Ng4 20. Qg6
Nxe3 21. Rxe3 Rf8 22. Qe6+ Rf7 23. Qg4 Rf6 24. Rae1 Re8 25. Qh5 Qd7 26. Nh4
Rf7 27. Ng6 Rf5 28. Qh3 Kh7 29. Nxe7 Rxe7 30. Rxe7 Qc8 31. Re8 Qd7 32. R1e7
Qxa4 33. Qxf5# {Black checkmated} 1-0

[Event "ICC tourney 2545 (5 3)"]
[Site "Internet Chess Club"]
[Date "2021.04.11"]
[Round "9"]
[White "dcole"]
[Black "Onandov"]
[Result "0-1"]
[ICCResult "White resigns"]
[WhiteElo "1799"]
[BlackElo "1673"]
[Opening "Scandinavian (center counter) defense"]
[ECO "B01"]
[NIC "VO.17"]
[Time "17:31:19"]
[TimeControl "300+3"]

1. e4 d5 2. exd5 Qxd5 3. Nf3 Bg4 4. Be2 Nc6 5. Nc3 Qd7 6. h3 Bf5 7. d3 e5 8.
Be3 O-O-O 9. O-O f6 10. Nh2 Nge7 11. a3 Nd5 12. Nxd5 Qxd5 13. Bf3 Qd7 14. b4
Nd4 15. Bxd4 Qxd4 16. Re1 Be7 17. Qe2 Rhe8 18. Ng4 Kb8 19. Ne3 Be6 20. Be4
g6 21. Qf3 c6 22. Qg3 f5 23. Rad1 f4 24. Qf3 fxe3 25. fxe3 Qd7 26. d4 Qc7
27. c3 Bd5 28. Bxd5 cxd5 29. dxe5 Qxe5 30. Rd4 Bg5 31. Kf2 Rf8 {White
resigns} 0-1

[Event "ICC tourney 2545 (5 3)"]
[Site "Internet Chess Club"]
[Date "2021.04.11"]
[Round "9"]
[White "Heliosis"]
[Black "jps7"]
[Result "1-0"]
[ICCResult "Black resigns"]
[WhiteElo "1781"]
[BlackElo "1491"]
[Opening "French: advance, Euwe variation"]
[ECO "C02"]
[NIC "FR.03"]
[Time "17:30:50"]
[TimeControl "300+3"]

1. e4 e6 2. d4 d5 3. e5 c5 4. c3 Nc6 5. Nf3 Bd7 6. Be2 Qb6 7. O-O cxd4 8.
cxd4 Nge7 9. Nc3 Nf5 10. Na4 Qd8 11. Be3 a6 12. Rc1 b5 13. Nc5 Bxc5 14. Rxc5
Nxe3 15. fxe3 O-O 16. Bd3 g6 17. Qe1 Rc8 18. a3 f5 19. exf6 Rxf6 20. Qg3 Qf8
21. Rfc1 Qh6 22. Ne5 Be8 23. Nxc6 Bxc6 24. Rxc6 Rcf8 25. Rc8 Qh5 26. Rxf8+
Rxf8 27. Qe5 Qh4 28. Qxe6+ Kh8 29. Qe5+ Kg8 30. Qxd5+ Kh8 31. Rf1 Rxf1+ 32.
Bxf1 Kg7 33. Qe5+ Kh6 34. d5 Qd8 35. d6 {Black resigns} 1-0

[Event "ICC tourney 2545 (5 3)"]
[Site "Internet Chess Club"]
[Date "2021.04.11"]
[Round "9"]
[White "Ashibarai"]
[Black "SunKing007"]
[Result "1-0"]
[ICCResult "Black checkmated"]
[WhiteElo "1759"]
[BlackElo "1676"]
[Opening "Scandinavian (center counter) defense"]
[ECO "B01"]
[NIC "SD.02"]
[Time "17:30:50"]
[TimeControl "300+3"]

1. e4 d5 2. exd5 Qxd5 3. Nc3 Qd8 4. d4 Nf6 5. Bc4 g6 6. Nf3 Bg7 7. O-O O-O
8. h3 a6 9. a4 Bf5 10. Bf4 c5 11. d5 Qb6 12. Rb1 h5 13. Qe2 e6 14. dxe6 Bxe6
15. Bxe6 Qxe6 16. Qxe6 fxe6 17. Bd6 Rd8 18. Bxc5 Nc6 19. Rbd1 e5 20. Bb6 Re8
21. Ng5 Nb4 22. Nce4 Nxc2 23. Nxf6+ Bxf6 24. Ne4 Bg7 25. Rd7 Rab8 26. Rc1
Nd4 27. Rcc7 Ne6 28. Rxg7+ Nxg7 29. Nf6+ Kf8 30. Nxe8 Nxe8 31. Bc5+ Kg8 32.
Re7 Nf6 33. Rxe5 Nd7 34. Rd5 Nxc5 35. Rxc5 Kg7 36. h4 b5 37. axb5 Rxb5 38.
Rxb5 axb5 39. f3 Kf6 40. g4 Ke5 41. Kg2 Kf4 42. gxh5 gxh5 43. Kf2 b4 44. b3
Kf5 45. Ke3 Ke5 46. f4+ Kf5 47. Kf3 Kf6 48. Ke4 Ke6 49. f5+ Kf6 50. Kf4 Ke7
51. Kg5 Kf7 52. Kxh5 Kf6 53. Kg4 Ke5 54. Kg5 Kd4 55. f6 Kc3 56. f7 Kxb3 57.
f8=Q Ka2 58. Qxb4 Ka1 59. Kf4 Ka2 60. Ke3 Ka1 61. Kd2 Ka2 62. Kc2 Ka1 63.
Qb2# {Black checkmated} 1-0

[Event "ICC tourney 2545 (5 3)"]
[Site "Internet Chess Club"]
[Date "2021.04.11"]
[Round "9"]
[White "devimuru"]
[Black "ren"]
[Result "0-1"]
[ICCResult "White checkmated"]
[WhiteElo "1039"]
[BlackElo "1242"]
[Opening "Four knights: Italian variation"]
[ECO "C47"]
[NIC "KP.06"]
[Time "17:30:12"]
[TimeControl "300+3"]

1. e4 e5 2. Nf3 Nc6 3. Nc3 Nf6 4. Bc4 h6 5. O-O a6 6. d3 Bc5 7. d4 exd4 8.
Nxd4 Nxd4 9. Be3 b5 10. Nxb5 axb5 11. Bb3 Nxb3 12. cxb3 Bxe3 13. fxe3 Nxe4
14. Qf3 Nf6 15. e4 Ra6 16. e5 c5 17. exf6 Rxf6 18. Qh5 O-O 19. Rxf6 Qxf6 20.
Rf1 Qxb2 21. h4 Qxa2 22. Rf3 Qb1+ 23. Kh2 Bb7 24. Rg3 Kh7 25. Qg4 Qg6 26. h5
Qf6 27. Kh3 Bc8 28. Kh2 d5 29. Qf3 Qh4+ 30. Rh3 Bxh3 31. Qxd5 Be6+ 32. Kg1
Bxd5 33. Kf1 Re8 34. Kg1 Re1# {White checkmated} 0-1

[Event "ICC tourney 2545 (5 3)"]
[Site "Internet Chess Club"]
[Date "2021.04.11"]
[Round "9"]
[White "luckylol3"]
[Black "janh"]
[Result "0-1"]
[ICCResult "White resigns"]
[WhiteElo "1493"]
[BlackElo "1732"]
[Opening "Caro-Kann: Panov-Botvinnik attack"]
[ECO "B13"]
[NIC "CK.03"]
[Time "17:30:46"]
[TimeControl "300+3"]

1. e4 c6 2. d4 d5 3. exd5 cxd5 4. c4 Nf6 5. Nc3 Nc6 6. Nf3 e6 7. Bg5 Bb4 8.
Be2 O-O 9. O-O Be7 10. Re1 b6 11. cxd5 Nxd5 12. Bxe7 Ncxe7 13. Nxd5 Nxd5 14.
Bc4 Bb7 15. Bxd5 Qxd5 16. Re5 Qd6 17. Rc1 Rfd8 18. h3 Bxf3 19. Qxf3 Qxd4 20.
Re2 h6 21. b3 Rac8 22. Rxc8 Rxc8 23. Qb7 Rd8 24. Re1 Qd7 25. Qf3 Qd5 26. Qe3
Qd2 27. Re2 Qxe3 28. Rxe3 Rd2 29. a4 Rb2 30. Kf1 Kf8 31. f3 Ke7 32. g4 Kd6
{White resigns}
0-1

[Event "ICC tourney 2545 (5 3)"]
[Site "Internet Chess Club"]
[Date "2021.04.11"]
[Round "9"]
[White "skot"]
[Black "Swaggernaut99"]
[Result "1/2-1/2"]
[ICCResult "Game drawn by mutual agreement"]
[WhiteElo "2004"]
[BlackElo "1823"]
[Opening "Ruy Lopez: Berlin defense"]
[ECO "C65"]
[NIC "RL.07"]
[Time "17:30:49"]
[TimeControl "300+3"]

1. e4 e5 2. Nf3 Nc6 3. Bb5 Nf6 4. d3 d6 5. c3 Be7 6. h3 h6 7. O-O Kf8 8. Be3
a6 9. Ba4 Kg8 10. Nbd2 Bd7 11. b4 Kh7 12. Bb3 Rf8 13. a4 b5 14. a5 Kg8 15.
Nh2 Rc8 16. f4 exf4 17. Bxf4 Ne5 18. Qe2 Be6 19. Bxe6 fxe6 20. d4 Ng6 21.
Bg3 e5 22. Ng4 Nxg4 23. Qxg4 Bg5 24. Nf3 Nf4 25. Nxg5 Qxg5 26. Qxg5 hxg5 27.
Rf2 Rce8 28. dxe5 Rxe5 29. Re1 Rf7 30. h4 Re8 31. hxg5 Nd3 32. Rxf7 Kxf7 33.
Re3 Ne5 34. Bf4 Nc4 35. Re2 d5 {Game drawn by mutual agreement} 1/2-1/2

[Event "ICC tourney 2545 (5 3)"]
[Site "Internet Chess Club"]
[Date "2021.04.11"]
[Round "9"]
[White "evorg"]
[Black "cornfed"]
[Result "0-1"]
[ICCResult "White resigns"]
[WhiteElo "1531"]
[BlackElo "1792"]
[Opening "Scandinavian defense"]
[ECO "B01"]
[NIC "SD.03"]
[Time "17:31:04"]
[TimeControl "300+3"]

1. e4 d5 2. exd5 Nf6 3. Nc3 Nxd5 4. Nxd5 Qxd5 5. d4 Nc6 6. Nf3 Bg4 7. c4 Qf5
8. Bd3 Qh5 9. Be3 O-O-O 10. O-O e5 11. d5 Bxf3 12. Qxf3 Qxf3 13. gxf3 Nb4
14. Bf5+ Kb8 15. a3 Na6 16. b4 g6 17. Bh3 f5 18. f4 exf4 19. Bxf4 Bg7 20.
Ra2 Rde8 21. Rd1 Kc8 22. Bf1 Re4 23. Be3 f4 24. Bg2 Rxc4 25. Bc1 g5 26. Rad2
Be5 27. Bb2 Bxb2 28. Rxb2 h5 29. d6 cxd6 30. Rxd6 Rc1+ 31. Bf1 Rd8 32. Rbd2
Rxd6 33. Rxd6 g4 34. Rd4 f3 35. Rd5 Nc7 36. Rxh5 Ne6 37. Rh4 Nf4 38. h3 Ne2+
39. Kh2 Rxf1 40. hxg4 Rxf2+ {White resigns} 0-1